 Dungeon Crawl Stone Soup version 0.31-a0-150-g89dc3ad700 (webtiles) character file.

Game seed: 3349514209524844752

0 iguanaiguana the Sneak (level 1, -1/21 HPs)
             Began as a Naga Delver on June 9, 2023.
             Slain by an orc
             ... wielding a +0 club
              (3 damage)
             ... on level 3 of the Dungeon.
             The game lasted 00:01:27 (252 turns).

iguanaiguana the Sneak (Naga Delver)                 Turns: 252, Time: 00:01:27

Health: -1/21      AC:  1    Str: 14    XL:     1   Next: 10%
Magic:  1/1        EV:  9    Int: 10    God:
Gold:   29         SH:  0    Dex: 12    Spells: 0/0 levels left

rFire   . . .        a - +0 short sword
rCold   . . .        (no shield)
rNeg    . . .        b - +0 leather armour
rPois   +            (no helmet)
rElec   .            (no cloak)
rCorr   .            (no gloves)
SInv    +            (no barding)
Will    .....        (no amulet)
Stlth   +++          (no ring)
HPRegen 0.23/turn    (no ring)
MPRegen 0.07/turn

%: no passive effects
@: attractive, hasted, quick
A: AC +0, large, see invisible, deformed body, poison resistance, slowness 2,
spit poison 1, naga tail 1
a: Spit Poison


You were on level 3 of the Dungeon.
You visited 1 branch of the dungeon, and saw 4 of its levels.

You collected 29 gold pieces.

Inventory:

Hand Weapons
 a - a +0 short sword (weapon)
 h - a +0 orcbow
Armour
 b - a +0 leather armour (worn)
Wands
 g - a wand of digging (2) {@v3}
Scrolls
 c - a scroll of fog
Potions
 i - a potion of attraction


   Skills:
 + Level 3.0 Fighting
 + Level 2.0 Short Blades
 + Level 1.5 Dodging
 + Level 7.2 Stealth


You couldn't memorise any spells.
You didn't know any spells.
Your spell library was empty.

Dungeon Overview and Level Annotations

Branches:
Dungeon (6/15) Zot: 23658
 Temple: D:4-7

Altars:

Annotations:
D:5 exclusions: 3 gnolls, hound and orc


Innate Abilities, Weirdness & Mutations

Your serpentine skin is tough. (AC +0)
You have supernaturally acute eyesight. (SInv)
Armour fits poorly on your strangely shaped body.
Your system is resistant to poisons. (rPois)
You cover ground very slowly.
You can spit poison.
You have a snake-like lower body.


Message History

A ball python comes into view.
There is a stone staircase leading down here.
Aiming: Dig
Press: ? - help, Shift-Dir - straight line A rock wall.
The rock shatters into small pieces.
Found 12 gold pieces.
Unknown command.
An iguana comes into view.
There is a stone staircase leading up here.
The orc hits you with a +0 club.
* * * LOW HITPOINT WARNING * * *
You climb upwards.
Found a sling and a leather armour.
There is a stone staircase leading down here.
Okay, then.
It was a potion of attraction.
You feel attractive to monsters. The endoplasm is attracted toward you.
The rat is attracted toward you.
You feel yourself speed up. The endoplasm is attracted toward you.
The rat is attracted toward you.
The helpless rat fails to defend itself.
You impale the rat!!
You kill the rat!
The orc hits you with a +0 club.
* * * LOW HITPOINT WARNING * * *
The endoplasm quivers.
You completely miss the endoplasm. The orc hits you with a +0 club.
* * * LOW HITPOINT WARNING * * *
The endoplasm hits you.
* * * LOW HITPOINT WARNING * * *
Okay, then.
Okay, then.
Okay, then.
You hit the endoplasm.
The endoplasm is heavily wounded.
You hit the endoplasm.
You kill the endoplasm!
The orc hits you with a +0 club.
You die...

... .. #. ## #
#.####.. #.#....
.# .##.....##.#
.).....>...#
........o..#
........@..#
.............#
[...###.........
.... #.........
... #.........
.. #.........
##........
#........


You could see an orc.

Vanquished Creatures
  An endoplasm (D:3)
  A rat (D:3)
2 creatures vanquished.

Notes
Turn   | Place    | Note
-------+----------+-------------------------------------------
     0 | D:5      | iguanaiguana the Naga Delver began the quest for the Orb.
     0 | D:5      | Reached XP level 1. HP: 21/21 MP: 1/1
    74 | D:5      | Noticed a hound
   226 | D:4      | Noticed a scorpion
   228 | D:4      | Noticed an orc priest
   241 | D:4      | Noticed an iguana
   252 | D:3      | Slain by an orc

Illustrated notes

Levels and vault maps discovered:
D:3:      layout_basic, jmf_multi_god_temple2, minmay_diced_spiral
D:4:      layout_loops_ring, ebering_dispersal_statue_hall
D:5:      layout_basic, kennysheep_mini_moat, hex_medium, uniq_blork_the_orc
D:6:      layout_cave_pods, grunt_qazlal_clouds,
          nicolae_ru_great_annihilating_truth, nrook_mini_vaults

Action                     || total
---------------------------++-------
  Melee: Short sword       ||     4
  Evoke: Wand              ||     1
    Use: Scroll            ||     2
         Potion            ||     2
   Stab: Sleeping          ||     1
 Armour: Leather armour    ||     1
  Dodge: Dodged            ||     7

Table legend: (Time is in decaauts)
 A = Elapsed time spent in this place.
 B = Non-inter-level travel time spent in this place.
 C = Inter-level travel time spent in this place.
 D = Time resting spent in this place.
 E = Time spent auto-exploring this place.
 F = Levels seen in this place.
 G = Mean time per level.
                   A        B        C        D        E       F      G
               +--------+--------+--------+--------+--------+-----+--------+
         Total |    340 |    332 |      8 |      0 |    243 |   4 |   85.0 |
       Dungeon |    340 |    332 |      8 |      0 |    243 |   4 |   85.0 |
               +--------+--------+--------+--------+--------+-----+--------+

Top non-repeatable levels by time:
     D:5: 294 daAuts
     D:4: 22 daAuts
     D:6: 16 daAuts
     D:3: 6 daAuts
